 Dungeon Crawl Stone Soup version 0.19.0 (webtiles) character file.

342 CanadianGator the Shield-Bearer (level 6, -2/39 HPs)
             Began as a Gargoyle Fighter on Nov 10, 2016.
             Killed by divine providence
             ... invoked by an orc priest
              (11 damage)
             ... on level 4 of the Dungeon.
             The game lasted 00:12:14 (2850 turns).

CanadianGator the Shield-Bearer (Gargoyle Fighter)  Turns: 2850, Time: 00:12:14

Health: -2/39      AC: 18    Str: 19    XL:     6   Next: 57%
Magic:  0/6        EV:  4    Int:  9    God:
Gold:   175        SH: 10    Dex: 11    Spells: 0 memorised, 5 levels left

rFire  . . .     SeeInvis .     a - +1 flail
rCold  . . .     Gourm    .     g - +0 plate armour
rNeg   + + .     Faith    .     c - +1 shield
rPois  ∞         Spirit   +     (no helmet)
rElec  +         Reflect  .     r - +0 cloak
rCorr  .         Harm     .     m - +0 pair of gloves
MR     +....                    (no boots)
Stlth  ..........               p - amulet of guardian spirit
                                f - ring of protection from magic
                                u - ring of positive energy

@: no status effects
A: negative energy resistance 1, electricity resistance, unbreathing,
petrification resistance, rot immunity, AC +4
a: no special abilities


You were on level 4 of the Dungeon.
You were not hungry.

You visited 1 branch of the dungeon, and saw 4 of its levels.

You collected 175 gold pieces.

Inventory:

Hand Weapons
 a - a +1 flail (weapon)
Armour
 b - a +0 scale mail
 c - a +1 shield (worn)
 g - a +0 plate armour (worn)
 m - a +0 pair of gloves (worn)
 r - a +0 cloak (worn)
Jewellery
 f - a ring of protection from magic (right hand)
 p - an amulet of guardian spirit (around neck)
 u - a ring of positive energy (left hand)
 v - an uncursed ring of protection from cold
Wands
 o - a wand of digging (9/24)
Scrolls
 e - a scroll of remove curse {unknown}
 h - a scroll of teleportation
 j - a scroll of enchant weapon
 q - a scroll of magic mapping {unknown}
 w - a scroll of fear
Potions
 d - 3 potions of might
 k - a potion of flight
 l - a potion of cancellation
 s - a potion of berserk rage {unknown}
 t - 2 potions of curing
Comestibles
 i - 5 fruits
 n - 2 beef jerkies


   Skills:
 * Level 4.3 Fighting
 + Level 4.2 Maces & Flails
 * Level 4.1 Armour
 + Level 0.5 Dodging
 * Level 5.1 Shields


You had 5 spell levels left.
You didn't know any spells.

Dungeon Overview and Level Annotations

Branches:
Dungeon (4/15)
 Temple: D:4-7

Altars:
Ashenzari

Annotations:
D:4 Pikel


Innate Abilities, Weirdness & Mutations

You are resistant to torment.
Your stone body is resilient. (AC +4)
You are immune to poison.
You resist negative energy. (rN+)
You are resistant to electric shocks. (rElec)
You can survive without breathing.
You are immune to petrification.
You are immune to rotting.


Message History

The ogre is lightly wounded.
The orc hits you but does no damage. The ogre hits you with a giant club.
You barely miss the ogre.
The ogre is lightly wounded.
The orc hits you but does no damage. The ogre hits you with a giant club!
* * * LOW HITPOINT WARNING * * *
You hit the ogre.
The ogre is moderately wounded.
The orc hits you but does no damage. The ogre hits you but does no damage.
There is a stone staircase leading down here.
You sock the orc!
You kill the orc!
You block the ogre's attack.
There is a stone staircase leading down, spattered with blood here.
Things that are here:
a mace; a ring mail
There is an open door here.
The orc priest calls down the wrath of Beogh upon you.
Beogh smites you!
You die...

.....()....#
#.(....#
####o### #>#
#o# ##'##
##...## #
##..O..#######
#
##...@...#.....
##
#..........###.
.#
+......(.......
##
#..........###.
# ##...†...#.#
# ##.....##.# #
##..†## # #
##'## # #.#


You could see an ogre, an orc priest and an orc.

Vanquished Creatures
  4 slaves (D:4)
  A howler monkey (D:4)
  2 orc wizards (D:4)
  Jessica (D:2)
  An iguana (D:4)
  A worker ant (D:3)
  2 adders
  3 gnolls (D:3)
  A shadow imp (D:4)
  An ooze (D:3)
  4 dart slugs
  4 leopard geckos
  15 orcs
  2 giant cockroaches (D:2)
  9 goblins
  9 hobgoblins
  5 jackals (D:4)
  5 kobolds
  A quokka (D:2)
  9 bats
  5 frilled lizards
  7 rats
92 creatures vanquished.

Notes
Turn   | Place    | Note
-------+----------+-------------------------------------------
     0 | D:1      | CanadianGator the Gargoyle Fighter began the quest for the Orb.
     0 | D:1      | Reached XP level 1. HP: 14/14 MP: 1/1
    95 | D:1      | Reached XP level 2. HP: 11/19 MP: 2/2
   434 | D:1      | Reached XP level 3. HP: 24/24 MP: 3/3
   630 | D:2      | Found a faded altar of an unknown god.
   660 | D:2      | Noticed Jessica
   669 | D:2      | Killed Jessica
   669 | D:2      | Reached XP level 4. HP: 23/29 MP: 4/4
   845 | D:2      | Reached skill level 4 in Shields
  1272 | D:3      | Found a shattered altar of Ashenzari.
  1296 | D:3      | Reached XP level 5. HP: 32/33 MP: 5/5
  1856 | D:4      | Noticed an ogre
  2007 | D:4      | Noticed a slave
  2008 | D:4      | Noticed Pikel
  2010 | D:4      | Noticed a slave
  2013 | D:4      | Noticed a slave
  2015 | D:4      | Noticed a slave
  2077 | D:4      | Killed a slave
  2091 | D:4      | Killed a slave
  2111 | D:4      | Killed a slave
  2138 | D:4      | Killed a slave
  2518 | D:4      | Reached XP level 6. HP: 39/39 MP: 6/6
  2738 | D:4      | Reached skill level 5 in Shields
  2850 | D:4      | Killed from afar by an orc priest

Skill      XL: |  1  2  3  4  5  6 |
---------------+-------------------+-----
Maces & Flails | 3 4 |  4.2
Shields        | 4 5 |  5.1
Fighting       | 4 |  4.3
Armour         | 4 |  4.1
Dodging        | |  0.5

Action                   |  1- 3 |  4- 6 || total
-------------------------+-------+-------++-------
Melee: Flail             |    89 |   412 ||   501
  Use: Scroll            |       |    10 ||    10
  Eat: Bread ration      |       |     2 ||     2
Armor: Scale mail        |    46 |    74 ||   120
       Plate armour      |       |   209 ||   209
Dodge: Dodged            |    23 |    76 ||    99
Block: Shield            |    50 |   261 ||   311
